 Dungeon Crawl Stone Soup version 0.25.1-2-g60ff931df9 (webtiles) character file.

Game seed: 8651328059010835704

153990 Johnny the Metallomancer (level 16, -23/105 HPs)
             Began as a Demigod Earth Elementalist on Oct 25, 2020.
             Blown up by a conjurer statue (67 damage)
             ... with an orb of destruction
             ... in a wizard's laboratory.
             The game lasted 00:56:25 (45428 turns).

Johnny the Metallomancer (DgEE)                    Turns: 45428, Time: 00:56:25

Health: -23/105    AC:  8    Str: 11    XL:     16   Next: 50%
Magic:  35/49      EV: 12    Int: 35    God:
Gold:   2930       SH:  7    Dex: 16    Spells: 22/44 levels left

rFire    + . .     SeeInvis .   R - staff of earth
rCold    + . .     Gourm    .   V - +1 buckler {rN+}
rNeg     + . .     Faith    .   r - +0 robe {Archmagi}
rPois    .         Spirit   .   X - +2 hat
rElec    .         Reflect  .   f - scarf {repulsion}
rCorr    .         Harm     .   I - +0 pair of gloves
MR       +....                  F - +2 pair of boots of Carruc {rF+ rC+ Stlth+}
Stlth    +++.......             (no amulet)
HPRegen  0.27/turn              E - ring of magical power
MPRegen  0.31/turn              h - +6 ring of intelligence

@: repel missiles
A: high mp 1
a: no special abilities


You were in a wizard's laboratory.
You were not hungry.

You visited 4 branches of the dungeon, and saw 24 of its levels.
You also visited: Ossuary, Bailey, Volcano and Wizlab.

You collected 3259 gold pieces.
You spent 329 gold pieces at shops.

Inventory:

Hand Weapons
 P - the +5 rapier "Hydrabane" {drain, *Drain +Rage Int+7 Stlth+}
   (You took it off an orc warrior in a bailey)

   A truly terrible weapon, it drains the life of those it strikes.
   It affects your intelligence (+7).
   It lets you go berserk.
   It causes draining when unequipped.
   It makes you more stealthy.
Missiles
 b - 229 stones (quivered)
Armour
 a - +3 shadow dragon scales
 f - a scarf of repulsion (worn)
 r - a +0 robe of the Archmagi (worn)
 s - a +2 cloak of preservation
 F - the +2 pair of boots of Carruc (worn) {rF+ rC+ Stlth+}
   (You found it on level 15 of the Dungeon)

   It protects you from fire.
   It protects you from cold.
   It makes you more stealthy.
 I - a +0 pair of gloves (worn)
 V - a +1 buckler of positive energy (worn)
 X - a +2 hat (worn)
Magical Staves
 G - an uncursed staff of wizardry
 R - an uncursed staff of earth (weapon)
Jewellery
 h - a +6 ring of intelligence (right hand)
 u - an uncursed ring of protection from magic
 C - an uncursed ring of resist corrosion
 E - a ring of magical power (left hand)
Wands
 m - a wand of clouds (9)
 q - a wand of disintegration (19)
 t - a wand of digging (1)
 y - a wand of polymorph (23)
Scrolls
 k - 10 scrolls of teleportation
 p - 5 scrolls of blinking
 A - 8 scrolls of fog
 D - a scroll of summoning
 H - 3 scrolls of fear
 L - 3 scrolls of remove curse
 N - 3 scrolls of immolation
 Y - a scroll of holy word
Potions
 c - 2 potions of haste
 e - 4 potions of lignification
 g - 2 potions of ambrosia
 i - 12 potions of curing
 j - 6 potions of brilliance
 l - 7 potions of heal wounds
 n - 6 potions of flight
 o - a potion of magic
 w - 3 potions of invisibility
 z - 3 potions of berserk rage
 B - 2 potions of mutation
 Q - 3 potions of might
 W - 3 potions of stabbing {unknown}
Miscellaneous
 M - a tin of tremorstones (3/3)
 O - a lightning rod (4/4)
Comestibles
 d - 24 rations
 v - 2 chunks of flesh


   Skills:
 - Level 1.7 Dodging
 - Level 1.7 Stealth
 - Level 7.0 Shields
 + Level 14.6 Spellcasting
 - Level 0.8 Transmutations
 * Level 21.0 Earth Magic


You had 22 spell levels left.
You knew the following spells:

 Your Spells              Type           Power        Failure   Level  Hunger
a - Sandblast             Erth           ######       0%          1    None
b - Stone Arrow           Conj/Erth      ######       1%          3    None
c - Lee's Rapid Deconstr  Erth           #########.   0%          5    None
d - Petrify               Tmut/Erth      ########     1%          4    None
e - Shatter               Erth           #########.   28%         9    #######

Your spell library contained the following spells:

 Spells                   Type           Power        Failure   Level  Hunger
 Corona                   Hex            #####..      1%          1    None
 Foxfire                  Conj/Fire      ####         1%          1    None
 Freeze                   Ice            ####         1%          1    None
 Magic Dart               Conj           ####         1%          1    None
 Passwall                 Tmut/Erth      ########     1%          2    None
 Leda's Liquefaction      Hex/Erth       ########..   1%          4    None
 Blink                    Tloc           N/A          2%          2    None
 Call Imp                 Summ           #####...     2%          2    None
 Corpse Rot               Necr/Air       N/A          2%          2    None
 Ensorcelled Hibernation  Hex/Ice        #####.       2%          2    None
 Poisonous Vapours        Pois/Air       #####.       2%          2    None
 Slow                     Hex            #####...     2%          2    None
 Sublimation of Blood     Necr           #####.....   2%          2    None
 Bolt of Magma            Conj/Fire/Erth ########..   2%          5    None
 Statue Form              Tmut/Erth      ########.    2%          6    ##.....
 Iron Shot                Conj/Erth      ########..   3%          6    ##.....
 Confusing Touch          Hex            #####...     4%          3    None
 Conjure Flame            Conj/Fire      #####...     4%          3    None
 Dazzling Flash           Conj/Hex       #####.       4%          3    None
 Frozen Ramparts          Ice            #####.       4%          3    None
 Ignite Poison            Fire/Tmut/Pois #####...     4%          3    None
 Inner Flame              Hex/Fire       #####...     4%          3    None
 Mephitic Cloud           Conj/Pois/Air  #####...     4%          3    None
 Static Discharge         Conj/Air       #####...     4%          3    None
 Tukima's Dance           Hex            #####...     4%          3    None
 Ice Form                 Ice/Tmut       #####...     13%         4    None
 Cause Fear               Hex            #####.....   16%         4    None
 Dispel Undead            Necr           #####...     16%         4    None
 Iskenderun's Mystic Bla  Conj/Tloc      #####...     16%         4    None
 Sticky Flame             Conj/Fire      #####...     16%         4    None
 Yara's Violent Unravell  Hex/Tmut       #####.....   34%         5    None
 Agony                    Necr           #####...     41%         5    None
 Excruciating Wounds      Chrm/Necr      #####.....   41%         5    None
 Fireball                 Conj/Fire      #####.....   41%         5    None
 Iskenderun's Battlesphe  Conj/Chrm      #####...     41%         5    None
 Lightning Bolt           Conj/Air       #####.....   41%         5    None
 Silence                  Hex/Air        #####.....   41%         5    None
 Summon Forest            Summ/Tloc      #####.....   41%         5    None
 Hydra Form               Tmut           #####.....   86%         6    ##.....
 Eringya's Noxious Bog    Tmut/Pois      #####.....   89%         6    ##.....
 Conjure Ball Lightning   Conj/Air       #####.....   94%         6    ##.....
 Freezing Cloud           Conj/Ice/Air   #####.....   94%         6    ##.....
 Starburst                Conj/Fire      #####.....   94%         6    ##.....
 Haunt                    Necr/Summ      #####.....   100%        7    ####...
 Ring of Flames           Chrm/Fire      #####.....   100%        7    ####...
 Summon Hydra             Summ           #####.....   100%        7    ####...
 Borgnjor's Revivificati  Necr           #####.....   100%        8    ######.
 Death's Door             Chrm/Necr      #####.....   100%        8    ######.
 Discord                  Hex            #####.....   100%        8    ######.
 Ignition                 Fire           #####.....   100%        8    ######.
 Infestation              Necr           #####.....   100%        8    ######.
 Necromutation            Tmut/Necr      #####.....   100%        8    ######.


Dungeon Overview and Level Annotations

Branches:
Dungeon (15/15)            Temple (0/1) D:6            Lair (6/6) D:9
 Shoals (0/4) Lair:3       Spider (0/4) Lair:3        Slime (0/5) Lair:5
    Orc (2/2) D:9             Elf (1/3) Orc:2        Vaults (0/5) D:13
 Depths (0/5) D:15        Ossuary (visited)          Bailey (visited)
Volcano (visited)          WizLab (1/1)

Shops:
D:10 }   D:11 (   D:14 %   Orc:2 [}(%   Elf:1 [

Annotations:
WizLab exclusion: statue


Innate Abilities, Weirdness & Mutations

You have an increased reservoir of magic. (+10% MP)


Message History

Aiming: Lee's Rapid Deconstruction (safe; 0% risk of failure)
Press: ? - help, Dir - move target cursor, f/p - conjurer statue Fragment what (e.g. wall or brittle monster)?: a conjurer statue (severely damaged)
You feel a strong surge of power!
The conjurer statue shatters!!!
You blow up the conjurer statue!
Casting: Lee's Rapid Deconstruction (safe; 0% risk of failure)
Confirm with . or Enter, or press ? or * to list all spells.
Aiming: Lee's Rapid Deconstruction (safe; 0% risk of failure)
Press: ? - help, Dir - move target cursor A metal wall.
You feel a strong surge of power!
The metal wall shatters!
The blast of metal fragments hits the purple draconian!!!
The purple draconian is severely wounded.
You hear a shout! x2
The purple draconian breathes dispelling energy at you.
The bolt of dispelling energy hits you!!
Unknown command.
The orb of destruction hits you!!!
Ouch! That really hurt!
You die...

. #.......###.##§§§§. ..
#. ##.....###.#..)....
.d# #. ###'####.###).....
...# #. #.###.#.#.......
....# #.##'##.#.#........
.....###...))###.........
......#.##.##.#..........
.○○.....#...#.........§§§
...°°☼○○@................
...........§..§..........
.......§§.....§..........
........§.#§§...........#
.#.#.#.#.#§#.#.#.#.#.
#.#.#.#.##§##.#.#.#. #
#### # ## ####


You could see a purple draconian.

Vanquished Creatures
  A sphinx (D:15)
  Gastronok (Lair:1)
  A storm dragon (D:15)
  A tengu reaver (D:15)
  An orc warlord (Bailey)
  A war gargoyle (D:15)
  A red draconian (Volcano)
  7 purple draconians (WizLab)
  6 statues (WizLab)
  An ettin (Orc:1)
  A fire dragon (Lair:2)
  An ogre mage (Volcano)
  2 yaktaur captains (D:15)
  The ghost of lawnmower the Cleaver, a journeyman HOFi of Beogh (D:10)
  A vault guard (D:13)
  15 hydras
  Erolcha (D:13)
  10 centaur warriors
  A catoblepas (D:14)
  An anaconda (Lair:6)
  11 two-headed ogres
  Erica (D:8)
  A dancing weapon (Elf:1)
  An anaconda (shapeshifter) (D:15)
  An alligator snapping turtle (shapeshifter) (D:14)
  A tengu warrior (D:13)
  The ghost of Alannah the Skirmisher, a journeyman GrFi of Okawaru (D:10)
  An orc high priest (Orc:2)
  The ghost of Alannah the Coward, a novice DsHu of Okawaru (D:10)
  10 death yaks
  Sonja (D:11)
  8 skeletal warriors
  A wizard (D:14)
  3 unseen horrors
  An unseen horror (shapeshifter) (D:14)
  A deep troll (D:15)
  7 orc knights
  A glowing orange brain (shapeshifter) (D:15)
  3 deep elf archers
  A glowing orange brain (D:15)
  23 deep elf magi
  A mana viper (shapeshifter) (D:15)
  A wolf spider zombie (D:13)
  4 orc sorcerers
  2 oklob plants (Lair:5)
  A wolf spider (D:15)
  9 ugly things
  2 manticores (D:15)
  7 cyclopes
  4 elephants (Lair:3)
  9 slime creatures (D:14)
  2 black mambas
  A water nymph (shapeshifter) (D:7)
  5 centaur skeletons
  A molten gargoyle (Volcano)
  8 spiny frogs
  3 gargoyles (D:15)
  A rime drake (Lair:5)
  5 kobold demonologists
  3 komodo dragons
  A yaktaur (shapeshifter) (D:14)
  3 yaktaurs
  A troll (shapeshifter) (D:14)
  11 trolls
  2 tengu conjurers
  A merfolk (D:11)
  A tyrant leech (D:12)
  10 polar bears (Lair:6)
  A wolf spider simulacrum (D:15)
  Prince Ribbit (D:6)
  3 raiju (Lair:6)
  4 dream sheep (Lair:5)
  8 blink frogs (Lair:4)
  A hornet (D:15)
  10 hippogriffs
  4 wraiths
  A yak (shapeshifter) (D:14)
  48 yaks
  A vampire (D:14)
  5 wyverns
  A shadow (D:13)
  6 fire bats (Volcano)
  6 hungry ghosts
  2 basilisks (D:15)
  8 vampire mosquitoes
  5 wargs
  2 steam dragons
  3 swamp worms (D:12)
  A two-headed ogre zombie (D:9)
  3 acid dragons
  2 soldier ants
  14 hell hounds (Lair:6)
  16 porcupines
  6 water moccasins
  43 orc warriors
  18 black bears
  4 ice beasts
  3 sky beasts
  5 ogres
  3 eyes of draining
  26 wolves
  25 centaurs
  2 phantoms
  15 crocodiles
  5 big kobolds
  2 elf zombies (Ossuary)
  11 bullfrogs
  Dowan (D:5)
  5 scorpions
  9 killer bees
  2 troll zombies (D:9)
  11 howler monkeys
  9 wights
  An electric eel (Lair:2)
  6 centaur zombies
  7 lava snakes (Volcano)
  A quasit (D:9)
  2 bullfrog zombies
  4 jellies
  12 crimson imps
  16 orc wizards
  Crazy Yiuf (D:2)
  4 bullfrog skeletons
  8 orc priests
  11 hounds
  A human zombie (Ossuary)
  5 iguanas
  12 worker ants
  A big kobold zombie (Ossuary)
  5 ogre zombies (D:9)
  A hound skeleton (D:4)
  2 mummies (Ossuary)
  4 gnolls (Bailey)
  14 adders
  A shadow imp (D:11)
  2 adder zombies
  2 adder skeletons
  7 worms
  A dart slug (D:1)
  5 leopard geckos
  77 orcs
  3 ball pythons
  2 giant cockroaches
  27 goblins
  28 hobgoblins
  13 jackals
  6 quokkas
  14 bats
  6 frilled lizards
  A gnoll zombie (Ossuary)
  4 goblin zombies
  2 hobgoblin skeletons (D:9)
  5 hobgoblin zombies
  2 jackal skeletons (D:4)
  28 kobolds
  A leopard gecko skeleton (D:4)
  3 orc skeletons (D:9)
  19 orc zombies
  9 rats
  A fungus (Lair:5)
981 creatures vanquished.

Vanquished Creatures (others)
  A bush (D:9)
  6 fungi
  30 plants
  4 withered plants (D:10)
41 creatures vanquished.

Grand Total: 1022 creatures vanquished

Notes
Turn   | Place    | Note
-------+----------+-------------------------------------------
     0 | D:1      | Johnny the Demigod Earth Elementalist began the quest for
                  | the Orb.
     0 | D:1      | Reached XP level 1. HP: 14/14 MP: 5/5
    75 | D:1      | Reached skill level 3 in Earth Magic
   216 | D:1      | Reached XP level 2. HP: 12/20 MP: 5/7
  1496 | D:2      | Reached XP level 3. HP: 26/26 MP: 5/9
  1689 | D:2      | Found a glowing golden altar of the Shining One.
  1761 | D:2      | Found a runed translucent door.
  1762 | D:2      | Noticed Crazy Yiuf
  2001 | D:2      | Found a glowing golden altar of the Shining One.
  2182 | D:2      | Reached skill level 4 in Earth Magic
  2468 | D:2      | Found a hazy altar of Hepliaklqana.
  2497 | D:2      | Found an ornate altar of the Wu Jian Council.
  2530 | D:2      | Reached XP level 4. HP: 31/33 MP: 10/10
  3093 | D:2      | Killed Crazy Yiuf
  3389 | D:3      | Noticed a +6 dagger
  3390 | D:3      | Found a hide-covered altar of Uskayaw.
  3390 | D:3      | Noticed a +0 dagger
  3832 | D:3      | Found a snail-covered altar of Cheibriados.
  3835 | D:3      | Found a radiant altar of Vehumet.
  4104 | D:3      | Reached XP level 5. HP: 13/38 MP: 3/12
  4617 | D:3      | Learned a level 3 spell: Stone Arrow
  4965 | D:4      | Reached skill level 5 in Earth Magic
  5492 | D:4      | Reached XP level 6. HP: 45/45 MP: 12/14
  6057 | D:4      | Found a glowing silver altar of Zin.
  6163 | D:4      | Found a stormy altar of Qazlal.
  6210 | D:4      | Found an iron altar of Okawaru.
  6302 | D:4      | Reached skill level 6 in Earth Magic
  6438 | D:4      | Found a blossoming altar of Fedhas.
  6795 | D:5      | Entered Level 5 of the Dungeon
  6828 | D:5      | Reached XP level 7. HP: 46/50 MP: 12/16
  6883 | D:5      | Noticed Duvessa
  6884 | D:5      | Noticed Dowan
  6885 | D:5      | Noticed Duvessa
  6885 | D:5      | Duvessa changed into Duvessa the porcupine
  6894 | D:5      | Killed Duvessa the porcupine
  6900 | D:5      | Killed Dowan
  6900 | D:5      | Reached skill level 7 in Earth Magic
  7847 | D:5      | Found a bloodstained altar of Trog.
  7983 | D:6      | Found a sand-covered staircase.
  7997 | Ossuary  | Entered an ossuary
  8139 | Ossuary  | Reached skill level 5 in Spellcasting
  8139 | Ossuary  | Reached skill level 8 in Earth Magic
  8139 | Ossuary  | Reached XP level 8. HP: 18/57 MP: 0/19
  8943 | D:6      | Learned a level 5 spell: Lee's Rapid Deconstruction
  8948 | D:6      | Learned a level 4 spell: Petrify
  8997 | D:6      | Reached skill level 9 in Earth Magic
  9161 | D:6      | Noticed Prince Ribbit
  9167 | D:6      | Killed Prince Ribbit
  9419 | D:6      | Noticed a cyclops
  9723 | D:7      | Reached XP level 9. HP: 62/62 MP: 14/22
  9782 | D:7      | Noticed Harold
  9784 | D:7      | Noticed Harold
  9784 | D:7      | Harold changed into Harold the glowing shapeshifter
  9785 | D:7      | Noticed Harold
  9785 | D:7      | Harold the glowing shapeshifter changed into Harold the
                  | shock serpent
  9786 | D:7      | Noticed Harold
  9786 | D:7      | Harold the shock serpent changed into Harold the water
                  | nymph
  9788 | D:7      | Killed Harold the water nymph
  9788 | D:7      | Reached skill level 10 in Earth Magic
 10128 | D:7      | Reached skill level 1 in Shields
 10236 | D:7      | Found an opulent altar of Gozag.
 10628 | D:6      | Found a staircase to the Ecumenical Temple.
 10698 | D:6      | Killed a cyclops
 11020 | D:6      | Got an encrusted ring mail
 11031 | D:6      | Identified the +2 ring mail "Yssoiklain" {rC++} (You found
                  | it on level 6 of the Dungeon)
 11555 | D:8      | Reached skill level 11 in Earth Magic
 11765 | D:8      | Found an ancient bone altar of Kikubaaqudgha.
 11954 | D:9      | Noticed Erica
 12100 | D:8      | Killed Erica
 12100 | D:8      | Reached XP level 10. HP: 66/69 MP: 2/25
 12793 | D:9      | Reached skill level 12 in Earth Magic
 12977 | D:9      | Found a staircase to the Orcish Mines.
 13004 | D:9      | Found a staircase to the Lair.
 13299 | D:9      | Reached skill level 5 in Shields
 13547 | D:9      | Noticed a two-headed ogre
 13559 | D:9      | Killed a two-headed ogre
 13559 | D:9      | Reached XP level 11. HP: 4/74 MP: 11/27
 14202 | D:10     | Entered Level 10 of the Dungeon
 14206 | D:10     | Found a runed translucent gate.
 14253 | D:10     | Found Zuptupua's Gadget Shoppe.
 14313 | D:10     | Found a flagged portal.
 14342 | Bailey   | Entered a bailey
 14752 | Bailey   | Noticed an orc knight
 14789 | Bailey   | Identified the +5 rapier "Hydrabane" {drain, *Drain +Rage
                  | Int+7 Stlth+}
 14800 | Bailey   | Killed an orc knight
 14889 | Bailey   | Noticed an orc knight
 14903 | Bailey   | Killed an orc knight
 15380 | Bailey   | Noticed an orc warlord
 15418 | Bailey   | Killed an orc warlord
 15418 | Bailey   | Reached skill level 13 in Earth Magic
 15925 | D:10     | Found a runed translucent gate.
 15926 | D:10     | Found a runed translucent gate.
 15927 | D:10     | Noticed Alannah's ghost (journeyman GrFi)
 15927 | D:10     | Noticed lawnmower's ghost (journeyman HOFi)
 15927 | D:10     | Noticed Alannah's ghost (novice DsHu)
 16049 | D:10     | Noticed a two-headed ogre
 16059 | D:10     | Killed a two-headed ogre
 16814 | D:8      | Got a slimy dagger
 16817 | D:8      | Identified the +10 dagger "Selig" {vorpal, *Noise +Inv
                  | Dex+3} (You found it on level 8 of the Dungeon)
 16819 | D:8      | Identified 2 scrolls of acquirement
 16823 | D:8      | Acquired an uncursed staff of earth
 16827 | D:8      | Acquired the Guide on Glacial Stones
 17005 | D:11     | Noticed a skeletal warrior
 17008 | D:11     | Noticed a skeletal warrior
 17009 | D:11     | Killed a skeletal warrior
 17009 | D:11     | Noticed a skeletal warrior
 17010 | D:11     | Noticed a skeletal warrior
 17011 | D:11     | Killed a skeletal warrior
 17011 | D:11     | Noticed a skeletal warrior
 17024 | D:11     | Killed a skeletal warrior
 17354 | D:11     | Killed a skeletal warrior
 17462 | D:11     | Found Teyfuec's Antique Weapon Boutique.
 17504 | D:11     | Noticed Sonja
 17505 | D:11     | Killed Sonja
 17505 | D:11     | Reached XP level 12. HP: 76/81 MP: 24/30
 17853 | D:11     | Reached skill level 14 in Earth Magic
 19698 | D:12     | Reached skill level 10 in Spellcasting
 19904 | D:13     | Got an iridescent war axe
 19947 | D:13     | Found a gate to the Vaults.
 19947 | D:13     | Noticed a vault guard
 19950 | D:13     | Killed a vault guard
 20289 | D:13     | Reached skill level 15 in Earth Magic
 20564 | D:13     | Noticed a centaur warrior
 20566 | D:13     | Killed a centaur warrior
 20584 | D:13     | Noticed a centaur warrior
 20814 | D:13     | Noticed Erolcha
 20949 | Orc:1    | Entered Level 1 of the Orcish Mines
 21200 | Orc:2    | Entered Level 2 of the Orcish Mines
 21215 | Orc:2    | Found a staircase to the Elven Halls.
 21896 | Orc:2    | Reached XP level 13. HP: 86/86 MP: 26/32
 22450 | Orc:1    | Found a roughly hewn altar of Beogh.
 23029 | Orc:2    | Reached skill level 16 in Earth Magic
 23931 | Orc:2    | Found Nehut's Gadget Shoppe.
 23931 | Orc:2    | Found Xeumab's Antique Weapon Boutique.
 23933 | Orc:2    | Found Uhiabruu's Food Shop.
 23935 | Orc:2    | Found Ijetom's Antique Armour Emporium.
 23947 | Orc:2    | Bought a jewelled leather armour for 161 gold pieces
 23958 | Orc:2    | Identified the +3 leather armour "Gairhuq" {+Blink rN+
                  | Stlth+} (You bought it in a shop on level 2 of the Orcish
                  | Mines)
 23968 | Orc:2    | Learned a level 9 spell: Shatter
 24337 | Lair:1   | Entered Level 1 of the Lair of Beasts
 24438 | Lair:1   | Got a fading war axe
 24441 | Lair:1   | Noticed Gastronok
 24481 | Lair:1   | Killed Gastronok
 24612 | Lair:1   | You fall into a shaft and drop 1 floor!
 24772 | Lair:1   | Identified the +0 war axe "Tec Qoof" {drain, +Fly rPois
                  | rC++ Int-5} (You found it on level 13 of the Dungeon)
 25556 | Lair:1   | Got a warped platinum ring
 25750 | Lair:1   | Identified the ring of Fit Tyep {*Tele rElec rF- Str+2
                  | Dex+5} (You found it on level 1 of the Lair of Beasts)
 28252 | Lair:3   | Reached skill level 17 in Earth Magic
 28289 | Lair:3   | Found a staircase to the Shoals.
 28488 | Lair:3   | Found a hole to the Spider Nest.
 29056 | Lair:3   | Identified the +2 war axe "Saprat" {drain, Fragile rF++}
                  | (You found it on level 1 of the Lair of Beasts)
 29432 | Lair:4   | Found a dark tunnel.
 29490 | Volcano  | Entered a volcano
 29854 | Volcano  | Noticed a red draconian
 29856 | Volcano  | Reached XP level 14. HP: 93/93 MP: 23/34
 29856 | Volcano  | Found a bloodstained altar of Trog.
 31956 | Lair:5   | Found a staircase to the Slime Pits.
 31961 | Lair:5   | Reached skill level 18 in Earth Magic
 33206 | Lair:6   | Entered Level 6 of the Lair of Beasts
 36052 | D:10     | Killed Alannah's ghost
 36054 | D:10     | Killed lawnmower's ghost
 36056 | D:10     | Killed Alannah's ghost
 36108 | D:10     | Got a twisted scale mail
 36196 | D:10     | Identified the +2 scale mail of Cuofyor {-Cast Regen+
                  | Int+2} (You found it on level 10 of the Dungeon)
 36890 | D:13     | Killed Erolcha
 36890 | D:13     | Reached XP level 15. HP: 99/99 MP: 22/37
 37528 | D:14     | Reached skill level 19 in Earth Magic
 37578 | D:14     | Found Nusmuf's Food Emporium.
 39322 | D:14     | You fall into a shaft and drop 1 floor!
 39322 | D:15     | Entered Level 15 of the Dungeon
 39603 | D:15     | Found a staircase to the Depths.
 39671 | D:15     | Found a hazy altar of Hepliaklqana.
 39671 | D:15     | Found a shimmering altar of Xom.
 39672 | D:15     | Found a shimmering altar of Xom.
 40458 | D:15     | Noticed a sphinx
 40467 | D:15     | Killed a sphinx
 41354 | D:15     | Reached skill level 20 in Earth Magic
 41713 | D:15     | Identified the ring "Wosuc" {Ice rElec}
 42654 | D:15     | HP: 3/99 [blast of metal fragments (46)]
 43001 | D:15     | Reached XP level 16. HP: 105/105 MP: 19/39
 43355 | D:15     | Got a pair of encrusted boots
 43368 | D:15     | Identified the +2 pair of boots of Carruc {rF+ rC+ Stlth+}
                  | (You found it on level 15 of the Dungeon)
 43812 | Elf:1    | Entered Level 1 of the Elven Halls
 43920 | Elf:1    | Found Awarel's Armour Boutique.
 43927 | Elf:1    | Bought a scarf of repulsion for 168 gold pieces
 43985 | Elf:1    | Found a magical portal.
 44019 | WizLab   | Entered Iskenderun's Mystic Tower
 45095 | WizLab   | Reached skill level 21 in Earth Magic
 45166 | WizLab   | Identified Iskenderun's Volume of Attacks
 45166 | WizLab   | Identified Iskenderun's Collected Works on Combat Magic
 45428 | WizLab   | Blown up by a conjurer statue

Illustrated notes

Levels and vault maps discovered:
D:1:      dpeg_arrival_oval, layout_basic
D:2:      minmay_recursive_quarters, layout_basic, lemuel_doored_altar,
          lemuel_crystal_altar, lemuel_round_altar, first_ration,
          minmay_door_square, nicolae_tso_carved_into_rock,
          uniq_crazy_yiuf_cottage
D:3:      layout_basic, dancing_weapons_uskayaw, minitemple, serial_forest,
          infiniplex_forest_corner_1, infiniplex_forest_clump_curved,
          infiniplex_forest_end_1, infiniplex_forest_end_2,
          infiniplex_forest_lined_room_2, infiniplex_forest_clump_curved,
          infiniplex_forest_lined_2
D:4:      layout_loops_corners, overflow_temple_1_default,
          minmay_overflow_temple_star_quad, minmay_joined_circles
D:5:      layout_loops_ring, kennysheep_mini, uniq_duvessa
D:6:      kennysheep_spiral_hall, layout_gridville, minmay_temple_entry_glass,
          enter_ossuary_1, uniq_prince_ribbit1
D:7:      layout_loops_cross, grunt_gozag_breadcrumbs, uniq_harold
D:8:      layout_basic, lemuel_crystal_altar
D:9:      layout_rooms, minmay_lair_entry_grove, zombieorc2_lemuel,
          serial_rivers, chequers_serial_rivers_micro_a,
          chequers_serial_rivers_room_a, chequers_serial_rivers_small_a,
          chequers_serial_rivers_micro_e, kennysheep_small_spiral, uniq_erica
D:10:     layout_roguey, serial_shops, nicolae_shop_competitors_out_of_business,
          enter_bailey_3, gammafunk_ghost_cemetery
D:11:     layout_cave_pods, serial_shops, shop, hangedman_fish_farm,
          hangedman_decor_diamond_cutter, uniq_sonja
D:12:     layout_roguey, worms_lemuel
D:13:     layout_basic, david_vaults_5, kennysheep_small_square, uniq_erolcha
D:14:     minmay_concentric_multi, layout_basic, chequers_mini_garden,
          serial_shops, nicolae_shop_trees
D:15:     hangedman_slaughterboxes
Lair:1:   layout_cave_pods, minmay_holes, grunt_forest_small_clearings,
          grunt_megastairs_3, uniq_gastronok
Lair:2:   dragon1_lemuel, layout_layer_cave, grunt_megastairs_4
Lair:3:   layout_cave_pods, elwin_shoals_entry_rocks, dummy_spider_entry
Lair:4:   layout_cave_shapes, nicolae_volcano_entry_lava_flow,
          infiniplex_staircase_pool, grunt_megastairs_2
Lair:5:   layout_cave_pods, minmay_slime_entry_oklob_enclosed,
          lemuel_fruit_fields
Lair:6:   hangedman_lair_caniforms_friends, layout_hall_layers, wormcave,
          st_stairs_6
Orc:1:    layout_caves, basic_altar
Orc:2:    st_orc_rangers, layout_diamond_mine
Elf:1:    minmay_elf_arrival_summoners, layout_geoelf_diagonals,
          mu_enter_wizlab_2, serial_shops, nicolae_shop_statue_plus,
          hangedman_elf_represent, evilmike_minifort
WizLab:   wizlab_iskenderun

Skill      XL: |  1  2  3  4  5  6  7  8  9 10 11 12 13 14 15 16 |
---------------+-------------------------------------------------+-----
Earth Magic    | 3 4 5 6 8 9 11 12 13 15 17 18 20 21 | 21.0
Spellcasting   | 2 3 4 5 6 7 8 9 10 11 13 14 | 14.6
Shields        | 3 5 7 |  7.0
Dodging        | |  1.7
Stealth        | |  1.7
Transmutations | |  0.8

Action                   |  1- 3 |  4- 6 |  7- 9 | 10-12 | 13-15 | 16-18 || total
-------------------------+-------+-------+-------+-------+-------+-------++-------
Melee: Unarmed           |    12 |       |       |       |       |       ||    12
       Spear             |   107 |       |   124 |   319 |       |       ||   550
       Dagger            |     5 |   114 |       |       |       |       ||   119
       Quarterstaff      |       |    65 |     3 |       |       |       ||    68
       Staff             |       |       |    62 |   112 |   102 |     6 ||   282
       Rapier            |       |       |       |   116 |       |       ||   116
Throw: Stone             |       |       |       |       |     1 |       ||     1
 Cast: Sandblast         |    34 |    79 |    41 |   125 |   205 |     8 ||   492
       Stone Arrow       |       |     1 |    66 |   113 |   279 |     6 ||   465
       Lee's Rapid Decon |       |       |    12 |    74 |   297 |    81 ||   464
       Petrify           |       |       |     5 |    11 |    13 |       ||    29
 Abil: Evoke Blink       |       |       |       |       |     4 |       ||     4
Evoke: Wand              |       |       |     3 |    21 |    33 |     3 ||    60
       Lightning rod     |       |       |       |       |     6 |       ||     6
  Use: Scroll            |       |    12 |     9 |    12 |    12 |     9 ||    54
       Potion            |       |     1 |       |     1 |     1 |       ||     3
 Stab: Sleeping          |     9 |     5 |     2 |     2 |     1 |       ||    19
       Petrified         |       |       |     7 |    17 |       |       ||    24
       Distracted        |       |       |       |     3 |     1 |       ||     4
       Petrifying        |       |       |       |     2 |       |       ||     2
       Paralysed         |       |       |       |       |     2 |       ||     2
  Eat: Chunk             |     5 |    13 |    13 |    32 |    41 |     3 ||   107
       Ration            |       |       |     2 |     3 |     7 |     2 ||    14
Armor: Robe              |    41 |    80 |    70 |       |       |       ||   191
       Ring mail         |       |       |    48 |   330 |    26 |       ||   404
       Skin              |       |       |       |     1 |       |       ||     1
       Leather armour    |       |       |       |       |   119 |       ||   119
       Shadow dragon sca |       |       |       |       |   174 |    13 ||   187
Dodge: Dodged            |    95 |   164 |   162 |   371 |   266 |     4 ||  1062
Block: Buckler           |       |       |       |       |     2 |     7 ||     9
